 Dungeon Crawl Stone Soup version 0.32-a0-834-geaf45d8e21 (webtiles) character file.

Game seed: 17741262654783932368

346 Shayle the Trooper (level 6, -10/48 HPs)
             Began as a Coglin Alchemist on Mar 25, 2024.
             Mangled by Pikel
             ... wielding a +1 whip of electrocution
              (11 damage)
             ... on level 3 of the Dungeon.
             The game lasted 00:10:49 (2902 turns).

Shayle the Trooper (Coglin Alchemist)               Turns: 2902, Time: 00:10:50

Health: -10/48     AC:  4    Str:  8    XL:     6   Next: 59%
Magic:  8/8        EV: 10    Int: 16    God:
Gold:   191        SH:  0    Dex: 15    Spells: 7/8 levels left

rFire   . . .        p - +12 war axe of the Screaming Gods {speed, rN++}
rCold   . . .        i - +0 mace {Psammuthes}
rNeg    + + .        h - +0 leather armour
rPois   .            (no helmet)
rElec   .            j - +0 cloak
rCorr   .            (no gloves)
SInv    .            (no boots)
Will    .....        (amulet unavailable)
Stlth   ++           (ring unavailable)
HPRegen 0.28/turn    (ring unavailable)
MPRegen 0.11/turn    (no gizmo)

%: no passive effects
@: revved
A: off-hand wielding, slow wielding, warmup strikes, no jewellery
a: Invent Gizmo


You were on level 3 of the Dungeon.
You visited 1 branch of the dungeon, and saw 4 of its levels.

You collected 191 gold pieces.

Inventory:

Hand Weapons
 c - a +0 whip {Ecuun}
 i - a +0 mace (offhand) {Psammuthes}
 m - a +0 heavy spear {Lucía}
 p - the +12 war axe of the Screaming Gods (weapon) {speed, rN++}
   (You found it on level 2 of the Dungeon)

   rN++:      It greatly protects you from negative energy.
Armour
 a - a +0 robe
 h - a +0 leather armour (worn)
 j - a +0 cloak (worn)
Scrolls
 e - a scroll of blinking {unknown}
 f - a scroll of enchant armour {unknown}
 g - 4 scrolls of identify {unknown}
 l - a scroll of teleportation {unknown}
 q - a scroll of brand weapon {unknown}
 r - 2 scrolls of vulnerability {unknown}
Potions
 b - a potion of magic
 d - a potion of curing
 k - a potion of enlightenment {unknown}
 n - a potion of heal wounds {unknown}
 o - a potion of berserk rage {unknown}


   Skills:
 + Level 4.1 Fighting
 + Level 1.4 Axes
 - Level 3.3 Ranged Weapons
 - Level 1.7 Dodging
 - Level 1.5 Stealth
 - Level 1.7 Spellcasting
 - Level 0.8 Conjurations
 - Level 3.2 Alchemy
 + Level 1.2 Shapeshifting


You had 7 spell levels left.
You knew the following spells:

 Your Spells              Type           Power      Damage    Failure   Level
a - Sting                 Conj/Alch      32%        1d5       13%         1

Your spell library contained the following spells:

 Spells                   Type           Power      Damage    Failure   Level
 Magic Dart               Conj           16%        1d3       22%         1
 Mercury Vapours          Alch/Air       12%        N/A       24%         2
 Shock                    Conj/Air       8%         1d3       26%         1
 Blink                    Tloc           2%         N/A       43%         2
 Call Imp                 Summ           2%         N/A       43%         2
 Ensorcelled Hibernation  Hex/Ice        2%         N/A       43%         2
 Mephitic Cloud           Conj/Alch/Air  5%         N/A       47%         3
 Olgreb's Toxic Radiance  Alch           11%        N/A       63%         4
 Frozen Ramparts          Ice            2%         1d1       67%         3
 Ozocubu's Armour         Ice            1%         N/A       67%         3
 Passwall                 Erth           1%         N/A       67%         3
 Swiftness                Air            1%         N/A       67%         3
 Sticky Flame             Fire/Alch      6%         2d4       83%         4
 Airstrike                Air            0%         2d(1-17)  97%         4
 Metabolic Englaciation   Hex/Ice        0%         N/A       100%        5


Dungeon Overview and Level Annotations

Branches:
Dungeon (4/15)
 Temple: D:4-7

Altars:
Fedhas
Vehumet
Zin

Annotations:
D:3 Pikel


Innate Abilities, Weirdness & Mutations

You can wield a second weapon in your off-hand.
It takes a long time for you to wield or remove held weapons.
Your first few attacks do less damage.
You cannot equip rings or amulets.


Message History

You barely miss the orc with the +12 war axe of the Screaming Gods.
The lemure shouts!
The orc hits you with a +0 short sword.
A lemure comes into view.
The lemure shouts!
You hit the orc with your +0 mace.
You kill the orc!
You hit the lemure with your +0 mace.
The lemure is lightly wounded.
You slash the lemure with the +12 war axe of the Screaming Gods!
The lemure hits you. x2
Unknown command.
You slice Pikel with the +12 war axe of the Screaming Gods!!
Pikel is heavily wounded.
You hit the lemure with the +12 war axe of the Screaming Gods. x2
You closely miss Pikel with your +0 mace.
The lemure hits you but does no damage.
Pikel hits you with a +1 whip of electrocution!
The lemure barely misses you.
There is a stone staircase leading up here.
The lemure hits you.
Pikel hits you with a +1 whip of electrocution.
You climb upwards.
There is a stone staircase leading down here.
Unknown command.
You closely miss Pikel with the +12 war axe of the Screaming Gods.
Pikel is heavily wounded.
You slash the lemure with the +12 war axe of the Screaming Gods!
You kill the lemure!
That felt strangely unrewarding.
You hit the lemure but do no damage. You hit Pikel but do no damage.
The lemure closely misses you.
Pikel hits you with a +1 whip of electrocution!
* * * LOW HITPOINT WARNING * * *
You are electrocuted!
* * * LOW HITPOINT WARNING * * *
You feel better. The lemure hits you.
* * * LOW HITPOINT WARNING * * *
Pikel hits you with a +1 whip of electrocution!
You die...
Pikel says, "Another soul for the market."

##### ############ ##...##
#.....%.....
#########.....########.########..
#......................# #......#
#.#####..........####..# #.#♣.♣..
....# #.........K# #..###...♣.#.
....###.#.....#.@####...§.♣...♣..
......#.##.>.##5.......§♣§§♣..♣.♣
<...#.#.###.###.######.♣P.♣.♣♣.♣♣
....#.#.###.....######.♣♣♣♣♣..♣♣
#####.#.##..............♣♣...♣.♣
##...<..##..##########♣.♣♣♣.♣.♣♣
............#########.÷♣♣P.....♣♣
.#.##.............).#.♣...♣♣♣♣♣♣P
†...#.####..#######....♣P...♣.♣.♣


You could see Pikel and a lemure.

Vanquished Creatures
  Sigmund (D:4)
  A lemure (D:3)
  A scorpion (D:3)
  5 adders
  A dart slug (D:3)
  A ribbon worm (D:3)
  3 orcs (D:4)
  7 endoplasms
  3 giant cockroaches
  4 goblins
  7 hobgoblins
  4 jackals (D:3)
  6 kobolds
  10 quokkas
  3 ball pythons
  6 bats
  8 frilled lizards
  6 rats
77 creatures vanquished.

Notes
Turn   | Place    | Note
-------+----------+-------------------------------------------
     0 | D:1      | Shayle the Coglin Alchemist began the quest for the Orb.
     0 | D:1      | Reached XP level 1. HP: 13/13 MP: 3/3
   334 | D:1      | Reached skill level 1 in Fighting
   334 | D:1      | Reached XP level 2. HP: 13/21 MP: 1/4
   375 | D:1      | Reached skill level 1 in Ranged Weapons
   582 | D:1      | Found a faded altar of an unknown god.
   992 | D:1      | Reached XP level 3. HP: 26/26 MP: 2/5
  1360 | D:2      | Reached skill level 2 in Fighting
  1710 | D:2      | You fall into a shaft and drop 2 floors!
  1729 | D:4      | Found a blossoming altar of Fedhas.
  1739 | D:4      | Found a radiant altar of Vehumet.
  1865 | D:4      | Noticed Sigmund
  1882 | D:4      | Killed Sigmund
  1883 | D:4      | Reached skill level 3 in Fighting
  1883 | D:4      | Reached XP level 4. HP: 21/37 MP: 6/6
  1883 | D:4      | Reached XP level 5. HP: 24/42 MP: 7/7
  1999 | D:2      | Upgraded the game from 0.32-a0-818-gb728d0252e to
                  | 0.32-a0-834-geaf45d8e21
  2119 | D:2      | Identified the +12 war axe of the Screaming Gods {speed,
                  | rN++}
  2242 | D:3      | Found a glowing silver altar of Zin.
  2255 | D:3      | Reached XP level 6. HP: 46/48 MP: 8/8
  2499 | D:3      | Reached skill level 4 in Fighting
  2499 | D:3      | Reached skill level 1 in Axes
  2499 | D:3      | Reached skill level 1 in Shapeshifting
  2891 | D:4      | Noticed Pikel
  2901 | D:3      | HP: 1/48 [Pikel/+1 whip of electrocution (12)]
  2902 | D:3      | Mangled by Pikel

Illustrated notes

Levels and vault maps discovered:
D:1:      roderic_octagonal_star, layout_loops_cross,
          shapermc_ecumenical_altar_mp_highgroup
D:2:      layout_rooms
D:3:      wad_woods_stonehenge, layout_loops_ring
D:4:      layout_basic, fedhas_altar_decomposition, nicolae_vehumet_altar_sigil,
          uniq_sigmund, uniq_pikel, uniq_duvessa

Skill      XL: |  1  2  3  4  5  6 |
---------------+-------------------+-----
Fighting       | 1 3 4 |  4.1
Ranged Weapons | 1 3 |  3.3
Axes           | 1 |  1.4
Shapeshifting  | 1 |  1.2
Dodging        | |  1.7
Stealth        | |  1.5
Spellcasting   | |  1.7
Conjurations   | |  0.8
Alchemy        | |  3.2

Action                     |  1- 3 |  4- 6 || total
---------------------------+-------+-------++-------
  Melee: Whip              |    32 |       ||    32
         Mace              |    22 |    75 ||    97
         Spear             |    18 |     6 ||    24
         War axe           |       |    73 ||    73
   Cast: Sting             |    39 |       ||    39
    Use: Potion            |     2 |     1 ||     3
   Stab: Sleeping          |     2 |     1 ||     3
 Armour: Robe              |    17 |       ||    17
         Leather armour    |    19 |    38 ||    57
  Dodge: Dodged            |    34 |    28 ||    62

Table legend: (Time is in decaauts)
 A = Elapsed time spent in this place.
 B = Non-inter-level travel time spent in this place.
 C = Inter-level travel time spent in this place.
 D = Time resting spent in this place.
 E = Time spent auto-exploring this place.
 F = Levels seen in this place.
 G = Mean time per level.
                   A        B        C        D        E       F      G
               +--------+--------+--------+--------+--------+-----+--------+
         Total |   2933 |   2836 |     97 |    311 |   1682 |   4 |  733.2 |
       Dungeon |   2933 |   2836 |     97 |    311 |   1682 |   4 |  733.2 |
               +--------+--------+--------+--------+--------+-----+--------+

Top non-repeatable levels by time:
     D:1: 1304 daAuts
     D:3: 712 daAuts
     D:2: 659 daAuts
     D:4: 257 daAuts
